 Dungeon Crawl Stone Soup version 0.32-a0-401-g0bcb2a7 (webtiles) character file.

Game seed: 16180032398625530205

3329796 jagoly the Distorting Elf (level 27, 173/173 HPs)
             Began as a Deep Elf Hunter on Feb 19, 2024.
             Was a Believer of Lugonu.
             Escaped with the Orb
             ... and 5 runes
             ... and 1 gem (0 intact) on Feb 20, 2024!
             The game lasted 08:11:11 (68239 turns).

jagoly the Distorting Elf (Deep Elf Hunter)        Turns: 68239, Time: 08:11:12

Health: 173/173    AC: 39    Str: 14    XL:     27
Magic:  24/41      EV: 41    Int: 19    God:    Lugonu [**....]
Gold:   1649       SH:  0    Dex: 40    Spells: 6/46 levels left

rFire   + + .        a - +8 longbow "Zephyr" {speed, Dex+3 SInv}
rCold   + + +        (shield currently unavailable)
rNeg    + . .        V - +9 ice dragon scales
rPois   +            Q - +3 crown of Dyrovepreva {rElec Int+2 SInv}
rElec   +            A - +2 cloak "Keplaorgh" {rPois rCorr Stlth+}
rCorr   +            w - +2 pair of gloves
SInv    +            D - +2 pair of boots
Will    +++..        F - amulet of Vitality {RegenMP++ Regen++}
Stlth   ++           f - ring "Zoaliaf" {rF+++ rN+ rCorr Dex+3 Stlth-}
HPRegen 2.08/turn    S - ring "Xeotsygg" {Will+ EV+5 Str+8}
MPRegen 1.07/turn

%: no passive effects
@: studying 4 skills
A: talons 1, agile 2, cold resistance 1, deterioration 1, screaming 1, weak 1,
evolution 1, subdued magic 1, persistent drain
0: Orb of Zot
}: 5/15 runes: barnacled, slimy, silver, abyssal, gossamer
a: Renounce Religion, Depart the Abyss, Banish


You escaped.
You worshipped Lugonu.
Lugonu was pleased with you.
You visited 11 branches of the dungeon, and saw 55 of its levels.
You visited the Abyss 6 times.
You visited 1 ziggurat, and saw 5 of its levels.
You also visited: Ossuary, Bailey, Ice Cave, Volcano and Wizlab.

You collected 9545 gold pieces.
You spent 7896 gold pieces at shops.

Inventory:

Hand Weapons
 a - the +8 longbow "Zephyr" (weapon) {speed, Dex+3 SInv}
   (You found it on level 3 of the Depths)

   Dex+3:     It affects your dexterity (+3).
   SInv:      It lets you see invisible.
Missiles
 l - 2 darts of dispersal
 q - 37 poisoned darts
 C - 3 throwing nets
 R - 12 curare-tipped darts
Armour
 w - a +2 pair of gloves (worn)
 y - a +2 cloak of willpower
 A - the +2 cloak "Keplaorgh" (worn) {rPois rCorr Stlth+}
   (You acquired it on level 2 of the Spider Nest)

   rPois:     It protects you from poison rCorr: It protects you from acid and
   corrosion.
   Stlth+:    It makes you more stealthy.
 D - a +2 pair of boots (worn)
 Q - the +3 crown of Dyrovepreva (worn) {rElec Int+2 SInv}
   (You acquired it on level 1 of the Crypt)

   Int+2:     It affects your intelligence (+2).
   rElec:     It insulates you from electricity.
   SInv:      It lets you see invisible.
 V - +9 ice dragon scales (worn)
Jewellery
 b - the ring "Taics" {Fly rF+ EV+5}
   (You found it on level 3 of the Depths)

   [ring of evasion]

   EV+5:      It affects your evasion (+5).
   rF+:       It protects you from fire.
   Fly:       It grants you flight.
 f - the ring "Zoaliaf" (left hand) {rF+++ rN+ rCorr Dex+3 Stlth-}
   (You took it off a deep elf master archer on level 3 of the Elven Halls)

   [ring of positive energy]

   Dex+3:     It affects your dexterity (+3).
   rF+++:     It renders you almost immune to fire.
   rN+:       It protects you from negative energy.
   rCorr:     It protects you from acid and corrosion.
   Stlth-:    It makes you less stealthy.
 F - the amulet of Vitality (around neck) {RegenMP++ Regen++}
   (You bought it in a shop on level 1 of the Shoals)

   [amulet of magic regeneration]

   RegenMP:   It increases your rate of magic regeneration.
   Regen++:   It increases your rate of health regeneration.
 G - the ring "Jongug" {rF+ rN+ AC+4 Str+3}
   (You took it off a tengu reaver on level 5 of the Vaults)

   [ring of protection]

   AC+4:      It affects your AC (+4).
   Str+3:     It affects your strength (+3).
   rF+:       It protects you from fire.
   rN+:       It protects you from negative energy.
 J - the ring of the Okapi {rF+ rC- Will+++ Str+6 Dex+2}
   (You found it on level 1 of the Depths)

   [ring of strength]

   Str+6:     It affects your strength (+6).
   Dex+2:     It affects your dexterity (+2).
   rF+:       It protects you from fire.
   rC-:       It makes you vulnerable to cold.
   Will+++:   It greatly increases your willpower.
 S - the ring "Xeotsygg" (right hand) {Will+ EV+5 Str+8}
   (You bought it in a shop on level 9 of the Dungeon)

   [ring of evasion]

   EV+5:      It affects your evasion (+5).
   Str+8:     It affects your strength (+8).
   Will+:     It increases your willpower.
Wands
 i - a wand of paralysis (23)
 u - a wand of quicksilver (32)
 E - a wand of digging (24)
 L - a wand of mindburst (60)
 O - a wand of iceblast (56)
Scrolls
 c - 2 scrolls of brand weapon
 d - 12 scrolls of teleportation
 g - 5 scrolls of enchant armour
 r - 3 scrolls of butterflies
 s - 5 scrolls of immolation
 v - 4 scrolls of silence
 x - a scroll of revelation
 B - 2 scrolls of vulnerability
 H - 2 scrolls of noise
 I - 7 scrolls of fear
 W - 13 scrolls of poison
 X - 2 scrolls of blinking
 Z - 6 scrolls of fog
Potions
 e - a potion of haste
 h - 17 potions of curing
 j - 11 potions of heal wounds
 k - 11 potions of lignification
 m - 5 potions of ambrosia
 n - 6 potions of magic
 o - 9 potions of brilliance
 p - 22 potions of mutation
 t - 5 potions of resistance
 z - 3 potions of enlightenment
 T - 7 potions of might
 U - a potion of invisibility
Miscellaneous
 K - a lightning rod (4/4)
 N - a sack of spiders
 P - a phantom mirror
 Y - a phial of floods


   Skills:
 - Level 18.0 Fighting
 - Level 20.0 Ranged Weapons
 - Level 2.0 Throwing
 + Level 16.5 Armour
 - Level 24.0 Dodging
 - Level 16.0 Stealth
 - Level 10.0 Spellcasting
 - Level 10.0 Conjurations
 - Level 10.0 Hexes
 - Level 10.0 Translocations
 - Level 8.0 Fire Magic
 - Level 8.0 Air Magic
 - Level 16.0 Alchemy
 - Level 24.0 Invocations
 - Level 16.0 Evocations


You had 6 spell levels left.
You knew the following spells:

 Your Spells              Type           Power      Damage    Failure   Level
a - Dimensional Bullseye  Hex/Tloc       18%        N/A       2%          4
b - Sting                 Conj/Alch      100%       1d9       1%          1
c - Mephitic Cloud        Conj/Alch/Air  40%        N/A       1%          3
g - Fulminant Prism       Conj/Alch      22%        3d12      1%          4
n - Eringya's Noxious Bo  Alch           26%        4d6       3%          6
B - Blink                 Tloc           72%        N/A       1%          2
P - Ignite Poison         Fire/Alch      42%        N/A       1%          4
R - Olgreb's Toxic Radia  Alch           52%        N/A       1%          4
S - Swiftness             Air            30%        N/A       1%          3
T - Irradiate             Conj/Alch      22%        3d19      2%          5
X - Iskenderun's Mystic   Conj/Tloc      36%        2d9       2%          4

Your spell library contained the following spells:

 Spells                   Type           Power      Damage    Failure   Level
 Foxfire                  Conj/Fire      100%       2x1d9     1%          1
 Magic Dart               Conj           100%       1d8       1%          1
 Shock                    Conj/Air       100%       1d9       1%          1
 Slow                     Hex            100%       N/A       1%          1
 Cigotuvi's Dreadful Rot  Necr/Alch/Air  60%        N/A       1%          2
 Jinxbite                 Hex            72%        N/A       1%          2
 Lesser Beckoning         Tloc           72%        N/A       1%          2
 Mercury Vapours          Alch/Air       84%        N/A       1%          2
 Momentum Strike          Conj/Tloc      72%        3d10      1%          2
 Confusing Touch          Hex            36%        N/A       1%          3
 Dazzling Flash           Conj/Hex       72%        N/A       1%          3
 Gell's Gravitas          Tloc           36%        N/A       1%          3
 Inner Flame              Hex/Fire       33%        N/A       1%          3
 Sigil of Binding         Hex            36%        N/A       1%          3
 Teleport Other           Tloc           36%        N/A       1%          3
 Tukima's Dance           Hex            36%        N/A       1%          3
 Volatile Blastmotes      Fire/Tloc      66%        2d15      1%          3
 Sticky Flame             Fire/Alch      42%        2d8       1%          4
 Alistair's Intoxication  Alch           34%        N/A       1%          5
 Kiss of Death            Conj/Necr      84%        2d11      2%          1
 Cause Fear               Hex            18%        N/A       2%          4
 Passage of Golubria      Tloc           36%        N/A       2%          4
 Yara's Violent Unravell  Hex/Alch       22%        3d10      2%          5
 Ensorcelled Hibernation  Hex/Ice        42%        N/A       3%          2
 Flame Wave               Conj/Fire      33%        2d10      4%          4
 Vhi's Electric Charge    Tloc/Air       66%        N/A       4%          4
 Hailstorm                Conj/Ice       21%        3d7       7%          3
 Stone Arrow              Conj/Erth      42%        3d9       7%          3
 Airstrike                Air            15%        2d(3-19)  7%          4
 Leda's Liquefaction      Alch/Erth      15%        N/A       7%          4
 Petrify                  Alch/Erth      30%        N/A       7%          4
 Fireball                 Conj/Fire      16%        3d8       13%         5
 Silence                  Hex/Air        16%        N/A       13%         5
 Freeze                   Ice            28%        1d5       21%         1
 Necrotise                Necr           28%        1d5       21%         1
 Sandblast                Erth           14%        2d6       21%         1
 Summon Small Mammal      Summ           28%        N/A       21%         1
 Anguish                  Hex/Necr       10%        N/A       26%         4
 Call Imp                 Summ           14%        N/A       30%         2
 Sublimation of Blood     Necr           7%         N/A       30%         2
 Summon Blazeheart Golem  Fire/Summ      19%        N/A       36%         4
 Summon Lightning Spire   Summ/Air       19%        N/A       36%         4
 Freezing Cloud           Conj/Ice/Air   12%        6-21      45%         5
 Dispersal                Tloc           18%        N/A       47%         6
 Call Canine Familiar     Summ           7%         N/A       52%         3
 Frozen Ramparts          Ice            14%        1d3       52%         3
 Fugue of the Fallen      Necr           7%         N/A       52%         3
 Ozocubu's Armour         Ice            7%         N/A       52%         3
 Summon Ice Beast         Ice/Summ       7%         N/A       52%         3
 Vampiric Draining        Necr           7%         2d6       52%         3
 Metabolic Englaciation   Hex/Ice        10%        N/A       58%         5
 Conjure Ball Lightning   Conj/Air       16%        3x3d6     61%         6
 Sculpt Simulacrum        Ice/Alch       15%        N/A       77%         6
 Animate Armour           Summ/Erth      14%        N/A       91%         4
 Animate Dead             Necr           7%         N/A       91%         4
 Martyr's Knell           Necr/Summ      7%         N/A       91%         4
 Borgnjor's Vile Clutch   Necr/Erth      3%         N/A       99%         5
 Curse of Agony           Necr           7%         N/A       99%         5
 Lee's Rapid Deconstruct  Erth           3%         3d5*      99%         5
 Bombard                  Conj/Erth      10%        9d3       99%         6
 Enfeeble                 Hex            18%        N/A       96%         7
 Haunt                    Necr/Summ      3%         N/A       100%        7
 Monstrous Menagerie      Summ           3%         N/A       100%        7
 Ozocubu's Refrigeration  Ice            3%         4d8       100%        7
 Borgnjor's Revivificati  Necr           3%         N/A       100%        8
 Discord                  Hex            18%        N/A       100%        8
 Disjunction              Tloc           18%        N/A       100%        8
 Ignition                 Fire           15%        3d6       100%        8
 Infestation              Necr           3%         N/A       100%        8
 Lehudib's Crystal Spear  Conj/Erth      10%        10d4      100%        8
 Death's Door             Necr           3%         N/A       100%        9
 Dragon's Call            Summ           3%         N/A       100%        9
 Polar Vortex             Ice            3%         N/A       100%        9
 Shatter                  Erth           3%         3d7*      100%        9


Dungeon Overview and Level Annotations

Branches:
Dungeon (15/15)            Temple (0/1) D:4            Lair (5/5) D:8
 Shoals (4/4) Lair:2       Spider (4/4) Lair:2        Slime (5/5) Lair:4
    Orc (2/2) D:10            Elf (3/3) Orc:2        Vaults (5/5) D:14
  Crypt (3/3) Vaults:2       Tomb (0/3) Crypt:3      Depths (4/4) D:15
    Zot (5/5) Depths:4    Ossuary (visited)          Bailey (visited)
  IceCv (visited)         Volcano (visited)          WizLab (visited)

Altars:
Ashenzari
Dithmenos
Elyvilon
Kikubaaqudgha
Makhleb
Nemelex Xobeh
Ru
Trog
Uskayaw
Vehumet
Xom
Yredelemnul
Zin
The Shining One
Beogh
Lugonu

Shops:
D:4 (   D:9 =   Orc:1 !(   Orc:2 *[=(   Elf:3 :   Shoals:1 =   Shoals:2 [
Vaults:1 (   Vaults:3 ?   Vaults:4 ((   Depths:1 ((=?

Portals:
Hell: Depths:1 Depths:2 Depths:3 Depths:4
Abyss: Elf:1 Depths:1 Depths:3 Depths:4
Pandemonium: Depths:1 Depths:2 Depths:3

Annotations:
Shoals:2 corrupted
Spider:2 1 runed translucent door, december12's ghost, adept BaAr
Elf:1 2 transporters, Fuoshriv's ghost, adept DjBe
Elf:2 3 runed translucent doors, Norris
Elf:3 2 transporters, Digawn's ghost, journeyman FeEE
Vaults:3 Frederick
Crypt:2 2 transporters
Depths:1 3 runed translucent doors, Ynau's ghost, veteran MiCA
Zot:1 corrupted, 6 transporters
Zot:2 corrupted
Zot:4 corrupted
Zot:5 3 runed translucent doors, corrupted, exclusion: obsidian statue, arrowsters's ghost, legendary OnMo
Abyss:1 Nikola; Vv


Innate Abilities, Weirdness & Mutations

You have sharp toenails.
You are very agile. (Dex +8, Str/Int -2)
Your flesh is cold resistant. (rC+)
Your body sometimes deteriorates upon taking damage.
You occasionally shout uncontrollably at your foes.
You are weak. (Str -2)
You have hidden genetic potential.
Your spells are a little easier to cast, but a little less powerful.
Your health recovers twice as slowly from being drained.


Message History

You feel a bit more experienced.
There is a stone staircase leading up here.
Cast which spell? (? or * to list)
You erupt in a blast of force!
The mystic blast hits the hell hog.
The hell hog is heavily wounded.
The hell hog is knocked back by the mystic blast.
The hell hog slams into the rock wall!
The hell hog is severely wounded.
The mystic blast hits the hell hog!
The hell hog is lightly wounded.
The hell hog is knocked back by the mystic blast.
The hell hog breathes fire at you.
The fireball explodes!
The fireball engulfs you but does no damage.
You feel a bit more experienced. The hell hog completely misses you.
You climb upwards.
There is a stone staircase leading down here.
What level of the Dungeon? (default 1, ? - help) Magic restored.
A sixfirhy comes into view.
You yell at the sixfirhy!
You hear a roar!
There is a stone staircase leading up here.
The sixfirhy completely misses you. x3
You climb upwards.
Level annotation: corrupted
There is a stone staircase leading down here.
Okay, then.
There is an escape hatch in the ceiling here.
A mysterious force pulls you upwards. The hatch slams shut behind you.
Level annotation: corrupted, 6 transporters What level of the Dungeon? (default 15, ? - help)
An ice devil comes into view.
You shoot an arrow. The arrow hits the ice devil!!
The ice devil is heavily wounded.
You shoot an arrow. The arrow hits the ice devil!!
You kill the ice devil!
Lugonu accepts your kill.
No target in view!
No target in view!
What level of the Dungeon? (default 1, ? - help)
A daeva comes into view.
It is wielding a +3 scimitar of holy wrath.
You shoot an arrow. The arrow hits the daeva.
The daeva is lightly wounded.
You shoot an arrow. The arrow closely misses the daeva.
You shoot an arrow. The arrow hits the daeva.
The daeva is lightly wounded.
The daeva calls down the wrath of the Shining One upon you.
The Shining One smites you!
You shoot an arrow. The daeva blocks the arrow.
You shoot an arrow. The arrow hits the daeva!
The daeva is lightly wounded.
You shoot an arrow. The arrow hits the daeva!!
The daeva is moderately wounded.
The daeva calls down the wrath of the Shining One upon you.
The Shining One smites you!
You shoot an arrow. The daeva blocks the arrow.
The daeva completely misses you. The daeva hits you but does no damage.
You shoot an arrow. The arrow hits the daeva!!
The daeva is heavily wounded.
You shoot an arrow. The arrow hits the daeva!
The daeva is severely wounded.
The daeva hits you but does no damage. The daeva closely misses you.
You shoot an arrow. The arrow closely misses the daeva.
The daeva hits you with a +3 scimitar of holy wrath.
The daeva completely misses you.
You shoot an arrow. The arrow hits the daeva!!
The daeva is severely wounded.
You shoot an arrow. The arrow hits the daeva!
The daeva is almost dead.
The daeva hits you with a +3 scimitar of holy wrath!!
The daeva completely misses you.
You shoot an arrow.
The arrow hits the daeva but does no damage.
The daeva is almost dead.
The daeva completely misses you. The daeva barely misses you.
You shoot an arrow. The arrow hits the daeva.
The daeva is almost dead.
You shoot an arrow. The daeva blocks the arrow.
The daeva hits you with a +3 scimitar of holy wrath!
The daeva misses you.
You shoot an arrow. The arrow hits the daeva!!
You kill the daeva!
Lugonu accepts your kill.
No target in view!
What level of the Dungeon? (default 1, ? - help) HP restored.
An ice devil comes into view.
You shoot an arrow. The arrow hits the ice devil!
The ice devil is moderately wounded.
You shoot an arrow. The arrow hits the ice devil.
The ice devil is heavily wounded.
You shoot an arrow. The arrow hits the ice devil!!
The ice devil is almost dead.
You shoot an arrow. The arrow hits the ice devil!
You kill the ice devil!
Lugonu accepts your kill.
No target in view!
What level of the Dungeon? (default 1, ? - help)
Things that are here:
a +0 long sword; a purple draconian skeleton You see here a scroll of identify.
A reaper comes into view. It is wielding a +5 scythe of venom.
There is a gate leading back out of this place, spattered with blood here.
Things that are here:
a +0 cloak; a +0 short sword You go up through the gate.
Welcome back to the Depths!
There is a gate to the Realm of Zot here.
What level of the Dungeon? (default 1, ? - help)
An Orb Guardian comes into view.
You shoot an arrow. The arrow hits the Orb Guardian.
The Orb Guardian is lightly wounded.
You shoot an arrow. The arrow hits the Orb Guardian!
The Orb Guardian is lightly wounded.
You shoot an arrow. The arrow hits the Orb Guardian!!!
The Orb Guardian is heavily wounded.
You shoot an arrow. The arrow hits the Orb Guardian!
The Orb Guardian is severely wounded.
You shoot an arrow. The arrow hits the Orb Guardian!!
The Orb Guardian is almost dead.
You shoot an arrow. The arrow hits the Orb Guardian!!
You kill the Orb Guardian!
Lugonu accepts your kill.
No target in view!
What level of the Dungeon? (default 1, ? - help)
There is an open door here.
A demonspawn blood saint, a blizzard demon and a demonspawn corrupter come into view.
The demonspawn corrupter is wielding a +1 demon blade of venom.
Cast which spell? (? or * to list)
You feel quick.
The demonspawn corrupter attacks as it pursues you!
The demonspawn corrupter completely misses you.
The demonspawn corrupter misses you.
The demonspawn corrupter mumbles some strange prayers to Lugonu against you.
The entropic weave corrodes you! The blizzard demon gestures at you.
The bolt of lightning misses you.
The demonspawn corrupter calls forth creatures from the Elven Halls!
The blizzard demon waves its arms in wide circles.
The air twists around and strikes you.
Things that are here:
a +0 battleaxe; a black draconian skeleton The demonspawn blood saint conjures a destructive force in the name of Makhleb!
The fireball explodes!
The fireball engulfs you. You resist.
The mass of ice explodes!
The iceblast engulfs you but does no damage.
There is a stone staircase leading up, spattered with blood here.
Things that are here:
+0 storm dragon scales; a storm dragon skeleton The demonspawn corrupter calls forth creatures from the Pits of Slime!
You climb upwards.
There is a stone staircase leading down here.
What level of the Dungeon? (default 1, ? - help)
You see here a +0 cloak.
You see here a +3 dire flail of venom.
You start to feel a little slower.
You are no longer corroded.
You feel sluggish.
You start to feel a little faster.
An Orb Guardian comes into view.
You shoot an arrow.
The arrow hits the Orb Guardian but does no damage.
You shoot an arrow.
The arrow barely misses the Orb Guardian.
No target in view!
No target in view!
No target in view!
You no longer feel sluggish.
A lorocyproca comes into view.
You shoot an arrow. The arrow hits the lorocyproca!
The lorocyproca is lightly wounded.
You shoot an arrow.
The arrow barely misses the lorocyproca.
You shoot an arrow.
The arrow closely misses the lorocyproca.
You shoot an arrow. The arrow hits the lorocyproca!!
The lorocyproca is moderately wounded.
You shoot an arrow. The arrow hits the lorocyproca!!!
The lorocyproca is almost dead.
You shoot an arrow. The arrow hits the lorocyproca!
You kill the lorocyproca!
Lugonu accepts your kill.
No target in view!
What level of the Dungeon? (default 1, ? - help)
An Orb Guardian is nearby!
You shoot an arrow. The arrow hits the Orb Guardian!
The Orb Guardian is lightly wounded.
You shoot an arrow. The arrow hits the Orb Guardian!!
The Orb Guardian is heavily wounded.
You shoot an arrow. The arrow hits the Orb Guardian!!
The Orb Guardian is severely wounded.
The Orb Guardian completely misses you.
You shoot an arrow. The arrow hits the Orb Guardian!
The Orb Guardian is almost dead.
The Orb Guardian hits you but does no damage.
You shoot an arrow. The arrow hits the Orb Guardian!
You kill the Orb Guardian!
Lugonu accepts your kill.
No target in view!
What level of the Dungeon? (default 1, ? - help)
You see here a wind drake skeleton.
A Brimstone Fiend comes into view.
You shoot an arrow. The arrow hits the Brimstone Fiend!!
The Brimstone Fiend is moderately wounded.
You shoot an arrow. The arrow hits the Brimstone Fiend!!
The Brimstone Fiend is heavily wounded.
You shoot an arrow. The arrow hits the Brimstone Fiend!!
The Brimstone Fiend is severely wounded.
The Brimstone Fiend calls on the powers of darkness!
Your body is wracked with pain!
You shoot an arrow.
The arrow completely misses the Brimstone Fiend.
You shoot an arrow.
The arrow completely misses the Brimstone Fiend.
Cast which spell? (? or * to list)
You erupt in a fountain of uncontrolled magic!
The Brimstone Fiend is blasted with magical radiation!!
You kill the Brimstone Fiend!
Lugonu accepts your kill.
You are very lightly contaminated with residual magic.
What level of the Dungeon? (default 1, ? - help) Magic restored.
There is a stone staircase leading up here.
You climb upwards.
There is a stone staircase leading down here.
There is a stone staircase leading up here.
You climb upwards.
Level annotation: 3 runed translucent doors, Ynau's ghost, veteran MiCA
There is a stone staircase leading down here.
Ynau's ghost turns its malevolent gaze towards you.
Your magical contamination has completely faded away.
The walking earthen tome's pages rustle loudly.
You hear a loud rustle.
HP restored.
There is a staircase back to the Dungeon here.
You climb upwards.
Welcome back to the Dungeon!
There is a staircase to the Depths here.
There is an open door here.
There is an open door, spattered with blood here.
Things that are here:
a +0 robe; a +0 dagger; a human skeleton
Items here: )) [[ ÷÷.
An efreet comes into view.
It is wielding a +2 scimitar of flaming.
You yell at the efreet!
You shoot an arrow. The arrow hits the efreet!!
The efreet is heavily wounded.
A hell beast comes into view.
You shoot an arrow. The arrow hits the efreet.
The efreet is heavily wounded.
You shoot an arrow. The arrow hits the efreet!
The efreet is almost dead.
You shoot an arrow. The arrow hits the efreet!!!
You kill the efreet!
Lugonu accepts your kill.
You shoot an arrow.
The arrow closely misses the hell beast.
You shoot an arrow. The arrow hits the hell beast.
The hell beast is lightly wounded.
You shoot an arrow. The arrow hits the hell beast!!
The hell beast is moderately wounded.
You shoot an arrow. The arrow hits the hell beast!
The hell beast is heavily wounded.
You shoot an arrow. The arrow hits the hell beast!
The hell beast is almost dead.
The hell beast closely misses you. The hell beast completely misses you.
You shoot an arrow. The arrow misses the hell beast.
The hell beast completely misses you. x2
You shoot an arrow. The arrow hits the hell beast.
The hell beast is almost dead.
The hell beast completely misses you. x2
You shoot an arrow. The arrow hits the hell beast!!
You kill the hell beast!
Lugonu accepts your kill.
What level of the Dungeon? (default 1, ? - help)
There is a stone staircase leading up here.
You climb upwards.
There is a stone staircase leading down here.
A neqoxec comes into view.
You shoot an arrow. The arrow hits the neqoxec!!
The neqoxec is heavily wounded.
You shoot an arrow. The arrow hits the neqoxec!!
You kill the neqoxec!
Lugonu accepts your kill.
Noig Icku comes into view.
Press: ? - help, v - describe, . - travel
Here: Noig Icku The floor.
A Brimstone Fiend comes into view.
You enter a teleport trap!
The teleport trap disappears.
Your surroundings suddenly seem different.
You open the door.
There is an open door here.
There is a stone staircase leading up here.
You climb upwards.
There is a stone staircase leading down here.
What level of the Dungeon? (default 1, ? - help)
There is an open door here.
There is a stone staircase leading up here.
You climb upwards.
There is a stone staircase leading down here.
A chaos spawn comes into view.
You shoot an arrow.
The arrow hits the chaos spawn but does no damage.
You shoot an arrow. The arrow hits the chaos spawn!!!
You kill the chaos spawn!
Lugonu accepts your kill.
The chaos spawn degenerates into a cloud of primal chaos!
What level of the Dungeon? (default 1, ? - help)
There is an escape hatch in the floor here.
A Tzitzimitl comes into view.
You shoot an arrow. The arrow hits the Tzitzimitl!!
The Tzitzimitl is moderately wounded.
You shoot an arrow. The arrow hits the Tzitzimitl!
The Tzitzimitl is heavily wounded.
You shoot an arrow.
The arrow completely misses the Tzitzimitl.
You shoot an arrow.
The arrow closely misses the Tzitzimitl.
Cast which spell? (? or * to list)
You erupt in a fountain of uncontrolled magic!
The Tzitzimitl is blasted with magical radiation!!
The Tzitzimitl is severely wounded.
You are very lightly contaminated with residual magic.
The Tzitzimitl engulfs you. The Tzitzimitl drains your vigour!
You feel yourself slow down. The Tzitzimitl completely misses you.
Cast which spell? (? or * to list)
You erupt in a fountain of uncontrolled magic!
The Tzitzimitl is blasted with magical radiation!!
The Tzitzimitl is almost dead.
You are lightly contaminated with residual magic.
The Tzitzimitl closely misses you. The Tzitzimitl completely misses you.
You shoot an arrow. The arrow hits the Tzitzimitl!!
You kill the Tzitzimitl!
Lugonu accepts your kill.
Magic restored.
You feel yourself speed up.
There is a stone staircase leading up here.
You start waiting.
Your magical contamination has completely faded away.
Unknown command.
What level of the Dungeon? (default 12, ? - help)
You climb upwards.
There is a stone staircase leading down here.
You see here a hell hound skeleton.
There is an open door here.
A ynoxinul comes into view.
There is an open door here.
The ynoxinul gestures.
There is a stone staircase leading up here.
You climb upwards.
There is a stone staircase leading down here.
What level of the Dungeon? (default 1, ? - help)
There is a stone staircase leading up here.
You climb upwards.
There is a stone staircase leading down, spattered with blood here.
There is a stone staircase leading up here.
You climb upwards.
There is a stone staircase leading down, spattered with blood here.
You see here a +0 club.
Things that are here:
a +0 robe; a +2 dagger of speed; an orc skeleton You see here a +0 chain mail.
There is a stone staircase leading up here.
You climb upwards.
There is a stone staircase leading down here.
There is an escape hatch in the floor here.
An Ice Fiend comes into view.
As you read the scroll of fog, it dissolves into smoke.
There is a stone staircase leading up here.
You climb upwards.
There is a stone staircase leading down here.
What level of the Dungeon? (default 1, ? - help)
There is a stone staircase leading up here.
You climb upwards.
There is a stone staircase leading down here.
There is a stone staircase leading up here.
You climb upwards.
There is a stone staircase leading down here.
A sun demon comes into view.
You shoot an arrow. The arrow hits the sun demon!!
The sun demon is heavily wounded.
You shoot an arrow. The arrow hits the sun demon!
The sun demon is severely wounded.
You shoot an arrow. The arrow hits the sun demon!!
You kill the sun demon!
Lugonu accepts your kill.
No target in view!
What level of the Dungeon? (default 1, ? - help)
There is a stone staircase leading up here.
You climb upwards.
There is a stone staircase leading down here.
There is a stone staircase leading down here.
There is a stone staircase leading up here.
You climb upwards.
There is a stone staircase leading down here.
An Orb Guardian comes into view.
You shoot an arrow. The arrow hits the Orb Guardian.
The Orb Guardian is lightly wounded.
You shoot an arrow. The arrow hits the Orb Guardian.
The Orb Guardian is lightly wounded.
You shoot an arrow.
The arrow hits the Orb Guardian but does no damage.
The Orb Guardian is lightly wounded.
You shoot an arrow. The arrow hits the Orb Guardian!!
The Orb Guardian is moderately wounded.
You shoot an arrow. The arrow hits the Orb Guardian!!!
The Orb Guardian is almost dead.
You shoot an arrow.
The arrow closely misses the Orb Guardian.
You shoot an arrow.
The arrow barely misses the Orb Guardian.
You shoot an arrow. The arrow hits the Orb Guardian!!
You kill the Orb Guardian!
Lugonu accepts your kill.
What level of the Dungeon? (default 1, ? - help)
There is a stone staircase leading up here.
You climb upwards.
There is a stone staircase leading down here.
You see here a +0 dagger.
There is an open door here.
A hell beast comes into view.
You yell at the hell beast!
You shoot an arrow.
The arrow hits the hell beast but does no damage.
You shoot an arrow.
The arrow closely misses the hell beast.
You shoot an arrow.
The arrow closely misses the hell beast.
The hell beast completely misses you. x2
You shoot an arrow. The arrow hits the hell beast!
The hell beast is lightly wounded.
The hell beast completely misses you. The hell beast misses you.
You shoot an arrow. The arrow hits the hell beast!
The hell beast is moderately wounded.
The hell beast bites you. The hell beast completely misses you.
You shoot an arrow. The arrow hits the hell beast.
The hell beast is moderately wounded.
The hell beast completely misses you. The hell beast misses you.
You shoot an arrow. The arrow hits the hell beast!!
The hell beast is severely wounded.
You shoot an arrow. The arrow hits the hell beast!!
The hell beast is almost dead.
The hell beast completely misses you. The hell beast barely misses you.
The hell beast completely misses you. The hell beast misses you.
You shoot an arrow. The arrow hits the hell beast!!!
You kill the hell beast!
Lugonu accepts your kill.
No target in view!
No target in view!
You see here a stone.
There is an open door here.
There is a staircase leading out of the dungeon here.
To return, you must find a gate leading back.
Killing monsters will force the Abyss to allow you passage.
Lugonu is no longer ready to corrupt your weapon.
You pass through the gate.
Welcome back to the Dungeon!
There is a staircase leading out of the dungeon here.
You start resting.
Magic restored.
HP restored.
You start resting.
HP restored.
To return, you must find a gate leading back.
Killing monsters will force the Abyss to allow you passage.
You can no longer gate yourself to the Abyss.
Okay, then.
You start resting.
Magic restored.
A tentacled monstrosity comes into view.
You pass through the gate.
Welcome back to the Dungeon!
You can no longer corrupt the fabric of space.
A ynoxinul comes into view.
There is a staircase leading out of the dungeon here.
You shoot an arrow. The arrow hits the ynoxinul!
The ynoxinul is moderately wounded.
You shoot an arrow. The arrow barely misses the ynoxinul.
You shoot an arrow. The arrow hits the ynoxinul!!
You kill the ynoxinul!
Lugonu accepts your kill.
No target in view!
No target in view!
You start resting.
HP restored.
You start resting.
HP restored.
Press: ? - help, Shift-Dir - straight line Nothing appears to happen.
Press: ? - help, Shift-Dir - straight line Nothing appears to happen.
Press: ? - help, Shift-Dir - straight line Nothing appears to happen.
Press: ? - help, Shift-Dir - straight line Nothing appears to happen.
Press: ? - help, Shift-Dir - straight line Nothing appears to happen.
Press: ? - help, Shift-Dir - straight line Nothing appears to happen.
Unknown command.
You have escaped!

########.########### #.#........
# #..####(((((####.#........ #
##.##((((((((.##.#........ #
#.'.(((.ß.(...'.#........ #
####....((...##.#...#.### #
###((((.###..#........ ###
###'####..##.......# ..#
##...(.##.########... #.#
#...@...#............ #.#
##.....##..#######... #.# #####
########..# #... #.# #...#
#..##### ####
#.#####...###########......#
#.#.................#.#....#
#.#.###......######.#.#...)######
#.#.#...........# #.#.##.......#.
#.#.#.###....##.# #.#.##..)###...


There were no monsters in sight!

Vanquished Creatures
  the Royal Jelly (Slime:5)
  2 dread liches
  Khufu (Crypt:1)
  4 orbs of fire
  A juggernaut (Abyss:3)
  3 royal mummies (Crypt:1)
  Xtahua (Vaults:3)
  3 Killer Klowns
  Boris (twice) (Depths:3 Vaults:5)
  Bai Suzhen (Vaults:2)
  Saint Roka (Elf:3)
  5 caustic shrikes
  11 golden dragons
  4 curse toes
  A mutant beast (WizLab)
  3 electric golems
  2 doom hounds (Zot:2)
  A Tzitzimitl (D:12)
  A shard shrike zombie (Crypt:1)
  A Brimstone Fiend (Depths:3)
  A hellephant (Zig:2)
  24 Orb Guardians
  A tainted leviathan (Zig:3)
  12 tentacled monstrosities
  Jorgrun (D:15)
  2 liches
  9 quicksilver dragons
  2 deep elf master archers (Elf:3)
  3 titans (Vaults:5)
  3 tentacled starspawn
  11 ancient champions
  Polyphemus (Shoals:2)
  17 acid blobs
  The ghost of Ices the Brawler, an adept TrGl of Hepliaklqana (Depths:4)
  5 death cobs
  A kraken (Shoals:2)
  3 revenants (Crypt:3)
  5 tengu reavers
  10 shadow dragons
  13 storm dragons
  A daeva (Zot:1)
  2 protean progenitors (Zot:4)
  Roxanne (Spider:1)
  Ilsuiw (Shoals:4)
  5 draconian monks
  2 fenstrider witches (shapeshifter) (Depths:3)
  8 azure jellies (Slime:5)
  Donald (Abyss:2)
  14 rockslimes
  2 iron dragons
  8 frost giants
  2 draconian knights
  9 deep elf sorcerers
  6 fire giants
  17 vault wardens
  3 emperor scorpions
  Louise (Abyss:2)
  6 balrugs
  9 ghouls
  3 draconian shifters
  4 deep elf elementalists (Elf:3)
  14 ghost moths
  A juggernaut zombie (Zig:4)
  3 draconian scorchers
  2 orc warlords
  An angel (Abyss:3)
  2 frost giants (shapeshifter) (Depths:3)
  11 quicksilver oozes
  A draconian stormcaller (Zot:3)
  4 draconian annihilators
  4 reapers
  A caustic shrike skeleton (Zig:4)
  7 ironbound preservers
  7 stone giants
  A broodmother (Spider:2)
  12 formless jellyfish
  2 formless jellyfish (shapeshifter) (Depths:3)
  7 ironbound thunderhulks
  An azure jelly (shapeshifter) (Depths:3)
  5 vampire knights
  16 very ugly things
  A quicksilver ooze (shapeshifter) (Vaults:5)
  2 ophanim (Abyss:3)
  4 deep elf death magi
  3 deep elf demonologists
  4 lorocyprocas
  11 black draconians
  A dire elephant (shapeshifter) (Depths:3)
  5 white draconians
  6 green draconians
  The ghost of Mafah the Grappler, a journeyman TrSh of Dithmenos (Lair:3)
  4 purple draconians
  3 spark wasps
  A spectral titan (Zig:3)
  5 red draconians
  5 eidola
  8 deep elf annihilators
  2 war gargoyles (Depths:3)
  Azrael (D:12)
  8 yellow draconians
  3 crystal guardians
  15 dire elephants
  Josephine (D:10)
  3 blizzard demons
  8 ettins
  2 merfolk javelineers (Shoals:4)
  6 entropy weavers
  14 merfolk impalers
  14 yaktaur captains
  5 deep elf high priests
  A quicksilver dragon zombie (Crypt:1)
  5 fire dragons
  20 jiangshi
  3 rakshasas
  A spriggan zombie (Crypt:1)
  4 ogre magi
  32 vault guards
  A salamander tyrant (Depths:4)
  Fannar (Lair:1)
  11 great orbs of eyes
  4 peacekeepers
  2 catoblepae
  9 ice dragons
  4 spriggan air magi (Depths:4)
  An alligator snapping turtle (Shoals:4)
  A fenstrider witch skeleton (Crypt:2)
  4 jorogumos (Spider:4)
  An anaconda (shapeshifter) (Depths:3)
  4 death knights
  6 ironbound frosthearts
  3 hydras
  3 hell beasts
  15 centaur warriors
  2 radroaches
  4 merfolk aquamancers
  3 merfolk avatars
  2 thrashing horrors
  19 two-headed ogres
  8 boulder beetles
  31 dancing weapons
  3 deep troll shamans
  2 tengu warriors (Depths:1)
  5 deep troll earth magi
  11 vampire magi
  6 death yaks (Lair:5)
  3 occultists (D:15)
  A spriggan berserker (Depths:4)
  3 demonic crawlers
  2 hell hogs
  3 orc high priests (Orc:2)
  A shock serpent (Depths:3)
  A shock serpent (shapeshifter) (WizLab)
  A soul eater (Crypt:2)
  4 sun demons
  8 deep elf knights
  6 skysharks
  A titan zombie (Crypt:3)
  2 wretched stars (Abyss:2)
  8 hell knights
  A fire crab (Volcano)
  18 skeletal warriors
  3 shadow wraiths
  A sea snake (shapeshifter) (Depths:3)
  A death drake (Zig:5)
  16 deep trolls
  7 pharaoh ants
  A glowing orange brain (shapeshifter) (Depths:3)
  A goliath frog (Lair:5)
  11 orb spiders
  7 sea snakes
  4 flayed ghosts
  3 mana vipers (shapeshifter)
  2 orange crystal statues
  A sun moth (Spider:4)
  4 glowing orange brains
  A kraken simulacrum (Shoals:4)
  3 arcanists
  3 bog bodies
  2 cherubim (Abyss:3)
  9 deep elf archers
  11 ironbound convokers
  A steelbarb worm (shapeshifter) (WizLab)
  13 phantasmal warriors
  9 obsidian statues
  15 orc knights
  An alligator zombie (Crypt:3)
  3 spriggan simulacra
  7 harpies
  A steelbarb worm (Spider:4)
  11 lindwurms
  4 starcursed masses (Abyss:2)
  32 ugly things
  A swamp dragon (shapeshifter) (Vaults:5)
  A bunyip skeleton (Crypt:2)
  21 deep elf pyromancers
  27 deep elf zephyrmancers
  4 necromancers
  An eleionoma zombie (Crypt:1)
  7 orc sorcerers
  A cyclops (shapeshifter) (Depths:1)
  5 fauns
  A faun (shapeshifter) (WizLab)
  4 cyclopes
  19 wolf spiders
  Maurice (Orc:2)
  A shining eye (shapeshifter) (Vaults:5)
  17 large abominations
  A worldbinder (Abyss:2)
  3 salamanders
  7 manticores
  5 shining eyes
  21 moths of wrath
  An alligator skeleton (Crypt:1)
  13 elephants
  3 centaur zombies
  3 meliai (D:15)
  2 meliai (shapeshifter)
  2 black mambas
  15 vault sentinels
  4 water nymphs (shapeshifter) (WizLab)
  A kobold blastminer (Orc:2)
  8 water nymphs
  10 torpor snails
  3 ice statues
  8 merfolk sirens
  5 eyes of devastation (Slime:5)
  2 apocalypse crabs
  6 smoke demons
  A centaur skeleton (D:15)
  27 cane toads
  Maggie (D:8)
  An alligator snapping turtle zombie (Crypt:3)
  3 gargoyles
  2 orange demons
  An eye of devastation (shapeshifter) (WizLab)
  3 torpor snails (shapeshifter) (WizLab)
  Jeremiah (Lair:1)
  A death yak zombie (Crypt:3)
  2 hellions
  An unseen horror (D:11)
  15 freezing wraiths
  42 yaktaurs
  5 rime drakes
  2 anaconda simulacra
  2 efreet (D:15)
  A kobold demonologist (D:13)
  15 komodo dragons
  A bunyip simulacrum (Crypt:2)
  A yaktaur (shapeshifter) (WizLab)
  7 ice devils
  A tengu conjurer (D:15)
  2 ancient zymes (Abyss:2)
  A grey draconian skeleton (Crypt:1)
  3 guardian mummies
  18 merfolk
  A pale draconian skeleton (Crypt:2)
  3 tyrant leeches (Lair:5)
  2 polar bears
  6 trolls
  3 alligator simulacra
  9 wind drakes
  A harpy zombie (Crypt:3)
  A hydra skeleton (Crypt:3)
  2 queen bees (shapeshifter) (WizLab)
  34 blink frogs
  5 hornets
  10 dream sheep
  6 glass eyes
  33 tarantellas
  Grinder (D:4)
  31 jumping spiders
  A meliai zombie (D:15)
  7 snapping turtles
  Sigmund (D:2)
  40 slime creatures
  An ettin zombie (Crypt:1)
  26 culicivoras
  2 human simulacra (Vaults:1)
  An ettin skeleton (Abyss:2)
  A slime creature (shapeshifter) (WizLab)
  2 shadows
  6 air elementals
  7 vampires
  4 ynoxinuls
  4 wyverns
  10 fire elementals
  27 water elementals
  A dire elephant simulacrum (IceCv)
  A black mamba skeleton (Crypt:1)
  14 wraiths
  A yak (shapeshifter) (Vaults:5)
  A golden eye (Abyss:2)
  24 yaks
  Menkaure (D:6)
  A fire bat (Volcano)
  5 basilisks
  4 minotaur simulacra
  2 steam dragons (D:8)
  2 neqoxecs
  2 iron golems
  16 vampire mosquitoes
  2 wargs (Orc:1)
  4 chaos spawn
  54 redbacks
  An acid dragon (shapeshifter) (Abyss:2)
  3 acid dragons
  A swamp worm (shapeshifter) (Depths:3)
  3 harpy simulacra
  12 water moccasins
  A water moccasin (shapeshifter) (WizLab)
  A swamp drake (Zig:5)
  An ogre skeleton (Vaults:1)
  3 hell hounds
  54 orc warriors
  6 sky beasts
  An ice beast (D:7)
  7 black bears
  8 laughing skulls
  An ettin simulacrum (IceCv)
  25 ogres
  24 wolves
  3 boggarts (D:14)
  25 centaurs
  The ghost of ooops the Insei, an amateur DsSh (D:6)
  A blink frog skeleton (Crypt:3)
  2 weeping skulls (Abyss:2)
  19 bullfrogs
  3 kobold brigands
  A bullfrog (shapeshifter) (D:13)
  2 gnoll sergeants
  6 scorpions
  A salamander skeleton (Crypt:3)
  5 deep troll simulacra
  2 elf skeletons (D:4)
  A water moccasin zombie (Crypt:1)
  13 earth elementals
  11 small abominations
  9 wights
  A yak zombie (Crypt:3)
  8 killer bees
  A spriggan skeleton (Crypt:2)
  6 howler monkeys
  8 electric eels
  A lava snake (Orc:1)
  7 quasits
  A black bear zombie (Crypt:2)
  3 jellies
  2 bombardier beetles (D:6)
  2 human zombies
  29 orc priests
  4 hounds
  3 iguanas
  A human skeleton (D:4)
  A sleepcap (D:5)
  39 orc wizards
  16 hell rats
  A boggart skeleton (D:15)
  An ogre zombie (Crypt:2)
  An acid dragon zombie (Crypt:2)
  2 centaur simulacra
  13 mummies
  9 gnolls
  8 adders
  9 river rats (Lair:2)
  2 shadow imps (D:8)
  2 white imps
  3 ufetubi (Abyss:2)
  An iguana zombie (Crypt:2)
  A lava snake skeleton (Crypt:2)
  6 ribbon worms
  A dart slug (D:4)
  119 orcs
  6 ball pythons
  9 bats
  6 endoplasms
  6 giant cockroaches
  4 goblins
  9 hobgoblins
  8 quokkas
  An endoplasm zombie (Crypt:2)
  2 frilled lizards (D:1)
  A frilled lizard skeleton (Crypt:1)
  A gnoll skeleton (Crypt:1)
  A hobgoblin skeleton (Crypt:3)
  12 kobolds
  A kobold zombie (Ossuary)
  An orc skeleton (D:4)
  An orc zombie (D:4)
  A quokka skeleton (Crypt:2)
  18 rats
  A rat skeleton (Crypt:3)
  5 ball lightnings (Depths:3)
  5 starspawn tentacles
  3 tentacles (Shoals:2)
2498 creatures vanquished.

Vanquished Creatures (others)
  An orb of fire (Zot:5)
  An ancient lich (Zot:2)
  3 Killer Klowns
  A pandemonium lord (Zot:4)
  A golden dragon (Zot:2)
  3 tentacled monstrosities
  Grunn (Zot:2)
  A lich (Zot:4)
  2 death cobs (Zot:2)
  3 storm dragons
  4 protean progenitors (Zot:1)
  2 draconian shifters
  A draconian scorcher (Zot:1)
  A draconian knight (Zot:2)
  4 angels (Zot:1)
  A ghost moth (Zot:5)
  2 cacodemons (Zot:4)
  2 draconian annihilators
  A green draconian (Zot:1)
  A purple draconian (Zot:1)
  A red draconian (Zot:2)
  2 black draconians
  2 yellow draconians
  3 white draconians
  2 bunyips (Zot:1)
  2 spark wasps (Zot:1)
  A merfolk aquamancer (Shoals:2)
  A centaur warrior (Shoals:2)
  5 satyrs
  A hell hog (Zot:4)
  4 death yaks (Shoals:2)
  A deep elf knight (Elf:1)
  2 swamp dragons (Zot:1)
  A large abomination (Zot:4)
  16 fauns (Shoals:2)
  2 manticores (Shoals:2)
  4 moths of wrath (Zot:1)
  A faun (shapeshifter) (Depths:3)
  A water nymph (Shoals:2)
  2 hellwings (Zot:4)
  2 merfolk (Shoals:2)
  A tarantella (Spider:3)
  A snapping turtle (Shoals:2)
  5 water elementals (Shoals:2)
  2 chaos spawn (Zot:1)
  An aspiring flesh (Zot:1)
  7 ball lightnings
  2 butterflies (Zot:1)
  6 fulminant prisms (IceCv)
  75 starspawn tentacles
  14 tentacles
206 creatures vanquished.

Grand Total: 2704 creatures vanquished

Notes
Turn   | Place    | Note
-------+----------+-------------------------------------------
     0 | D:1      | jagoly the Deep Elf Hunter began the quest for the Orb.
     0 | D:1      | Reached XP level 1. HP: 12/12 MP: 3/3
   163 | D:1      | Reached XP level 2. HP: 16/16 MP: 4/4
   247 | D:1      | Found a faded altar of an unknown god.
   251 | D:1      | Prayed at the altar of an unknown god.
   251 | D:1      | Became a worshipper of Lugonu the Unformed
   251 | D:1      | Reached * piety under Lugonu
   693 | D:1      | Reached XP level 3. HP: 20/20 MP: 5/5
  1272 | D:2      | Noticed Sigmund
  1526 | D:3      | Found a broken altar of Ashenzari.
  1567 | D:3      | Reached ** piety under Lugonu
  1638 | D:3      | Reached XP level 4. HP: 15/25 MP: 6/6
  1724 | D:3      | Found a sacrificial altar of Ru.
  1891 | D:3      | Found a glowing golden altar of the Shining One.
  2352 | D:4      | Noticed Grinder
  2369 | D:4      | You fall into a shaft and drop 2 floors!
  2409 | D:6      | Reached XP level 5. HP: 29/29 MP: 7/7
  2424 | D:5      | Entered Level 5 of the Dungeon
  2513 | D:4      | Found a staircase to the Ecumenical Temple.
  2525 | D:4      | Found the +7 staff of the Meek {protect, meekguard}
  2619 | D:4      | Reached XP level 6. HP: 21/34 MP: 8/8
  2662 | D:4      | Found a sand-covered staircase.
  2671 | D:4      | Reached skill level 10 in Ranged Weapons
  2699 | Ossuary  | Entered an ossuary
  2771 | D:4      | Found a hide-covered altar of Uskayaw.
  3281 | D:4      | Found Jahonady's Antique Weapon Emporium.
  3356 | D:4      | Reached XP level 7. HP: 40/40 MP: 9/9
  4253 | D:5      | Found a shadowy altar of Dithmenos.
  4265 | D:5      | Found a bloodstained altar of Trog.
  4404 | D:6      | Found a transporter.
  4419 | D:6      | Noticed ooops's ghost (amateur DsSh)
  4439 | D:6      | Reached skill level 5 in Dodging
  4477 | D:6      | Found a transporter.
  4568 | D:6      | Noticed Menkaure
  4874 | D:6      | Reached *** piety under Lugonu
  5008 | D:6      | Reached XP level 8. HP: 17/44 MP: 10/10
  5483 | D:7      | Noticed a hornet
  5669 | D:7      | Learned a level 1 spell: Sting
  5746 | D:7      | Reached skill level 1 in Alchemy
  5949 | D:6      | Reached skill level 1 in Conjurations
  6581 | D:6      | Killed Menkaure
  7157 | D:7      | Reached XP level 9. HP: 48/48 MP: 11/11
  7381 | D:8      | Noticed Maggie
  7398 | D:8      | Found a sparkling altar of Nemelex Xobeh.
  7894 | D:6      | Killed ooops's ghost
  8282 | D:2      | Killed Sigmund
  8283 | D:2      | Reached skill level 15 in Ranged Weapons
  8621 | D:4      | Paralysed by Grinder for 4 turns
  8627 | D:4      | Killed Grinder
  9284 | D:8      | Noticed an elephant
  9508 | D:8      | Reached XP level 10. HP: 50/56 MP: 12/12
  9721 | D:8      | Noticed an orange demon
  9744 | D:8      | Killed an orange demon
  9865 | D:8      | Found a staircase to the Lair.
 10018 | D:9      | Found a white marble altar of Elyvilon.
 10037 | D:9      | Found a burning altar of Makhleb.
 10051 | D:9      | Reached **** piety under Lugonu
 10126 | D:9      | Reached skill level 5 in Invocations
 10153 | D:9      | Found a runed translucent door.
 10309 | D:9      | Found a runed translucent door.
 10455 | D:9      | Found Reeph's Jewellery Boutique.
 10585 | D:10     | Entered Level 10 of the Dungeon
 10633 | D:10     | Noticed Josephine
 10850 | D:10     | Found a staircase to the Orcish Mines.
 10866 | D:10     | Found a flagged portal.
 10882 | Bailey   | Entered a bailey
 11487 | Bailey   | Reached XP level 11. HP: 55/61 MP: 19/19
 11712 | D:10     | Reached ***** piety under Lugonu
 11938 | D:10     | Reached skill level 5 in Fighting
 12710 | D:11     | Reached skill level 5 in Stealth
 12715 | D:11     | Identified the +6 orcbow of Integrity {drain, Str+3}
 12838 | D:11     | Found a radiant altar of Vehumet.
 13013 | D:11     | Learned a level 4 spell: Olgreb's Toxic Radiance
 13070 | D:12     | Noticed Azrael
 13112 | D:12     | Noticed a white ugly thing
 13122 | D:12     | Killed a white ugly thing
 13270 | D:12     | Reached skill level 5 in Alchemy
 13355 | D:9      | Bought the ring "Xeotsygg" {Will+ EV+5 Str+8} for 654 gold
                  | pieces
 13996 | D:8      | Reached XP level 12. HP: 70/70 MP: 20/20
 14008 | Lair:1   | Entered Level 1 of the Lair of Beasts
 14096 | Lair:1   | Reached skill level 10 in Dodging
 14191 | Lair:1   | Noticed Jeremiah
 14201 | Lair:1   | Killed Jeremiah
 14234 | Lair:1   | Reached skill level 10 in Alchemy
 14284 | Lair:1   | Reached ****** piety under Lugonu
 14335 | Lair:1   | Noticed Fannar
 14852 | Lair:2   | Reached skill level 10 in Invocations
 15078 | Lair:2   | Reached XP level 13. HP: 78/78 MP: 22/22
 15092 | Lair:2   | Learned a level 2 spell: Blink
 15165 | Lair:2   | Found a hole to the Spider Nest.
 15625 | Lair:2   | Found a staircase to the Shoals.
 16573 | Lair:3   | Found a runed translucent door.
 16574 | Lair:3   | Noticed Mafah's ghost (journeyman TrSh)
 16763 | Lair:3   | Learned a level 4 spell: Iskenderun's Mystic Blast
 17267 | Lair:4   | Reached skill level 1 in Translocations
 17573 | Lair:4   | Found a staircase to the Slime Pits.
 17806 | Lair:5   | Entered Level 5 of the Lair of Beasts
 17922 | Lair:5   | Reached skill level 5 in Conjurations
 17922 | Lair:5   | Reached skill level 5 in Translocations
 18135 | Lair:5   | Reached skill level 1 in Spellcasting
 18185 | Lair:5   | Reached XP level 14. HP: 86/86 MP: 13/23
 19254 | D:8      | Killed Maggie
 19361 | D:9      | Reached skill level 1 in Armour
 19585 | D:10     | Killed Josephine
 19734 | Orc:1    | Entered Level 1 of the Orcish Mines
 19795 | Orc:1    | Reached skill level 5 in Armour
 19925 | Orc:1    | Found Luwehum's Distillery.
 20147 | Orc:1    | Reached XP level 15. HP: 90/90 MP: 24/26
 20239 | Orc:2    | Entered Level 2 of the Orcish Mines
 20297 | Orc:2    | Found a dark tunnel.
 20310 | Volcano  | Entered a volcano
 20769 | Orc:2    | Found a staircase to the Elven Halls.
 21237 | Orc:1    | Found Oqi Pawk's Weapon Boutique.
 21445 | Orc:2    | Noticed Donald
 21447 | Orc:2    | Banished Donald
 21664 | Orc:2    | Noticed Maurice
 21670 | Orc:2    | Killed Maurice
 21675 | Orc:2    | Found Qoscheus's Antique Armour Shop.
 21676 | Orc:2    | Found Caosox's Antique Weapon Boutique.
 21679 | Orc:2    | Found Ysurchygo's General Store.
 21679 | Orc:2    | Found Loan's Jewellery Shop.
 21992 | Orc:1    | Bought a potion of mutation for 136 gold pieces
 21992 | Orc:1    | Bought a potion of ambrosia for 136 gold pieces
 22148 | D:13     | Reached skill level 10 in Stealth
 23362 | D:14     | Found a gate to the Vaults.
 23881 | D:15     | Entered Level 15 of the Dungeon
 24134 | D:15     | Reached XP level 16. HP: 84/96 MP: 13/27
 24303 | D:15     | Noticed Jorgrun
 24323 | D:15     | Killed Jorgrun
 24661 | D:15     | Found a staircase to the Depths.
 25228 | D:12     | Killed Azrael
 25401 | Lair:1   | Killed Fannar
 25528 | Lair:3   | Killed Mafah's ghost
 25531 | Lair:3   | Got Vadefeb's Textbook on the Crevasse
 25606 | Spider:1 | Entered Level 1 of the Spider Nest
 25845 | Spider:1 | Got the Compilation of Detritus
 25877 | Spider:1 | Found a glacial archway.
 26014 | IceCv    | Entered an ice cave
 26412 | IceCv    | Learned a level 4 spell: Fulminant Prism
 26553 | IceCv    | Reached skill level 1 in Evocations
 26821 | IceCv    | Identified the +0 pair of boots of Boranoq {Will- rCorr
                  | Int+3 Dex+3}
 27123 | Spider:1 | Identified the +2 dagger of Sin {spect, Str+3 Stlth+}
 27196 | Spider:1 | Got the Excursus on Actinic Essence
 27367 | Spider:1 | Noticed Roxanne
 27518 | Spider:2 | Reached skill level 5 in Evocations
 28057 | Spider:2 | Identified a scroll of acquirement
 28058 | Spider:2 | Acquired the +2 cloak "Keplaorgh" {rPois rCorr Stlth+}
 28097 | Spider:2 | Identified the +8 spear of Putrescence {spect, rC++}
 28180 | Spider:2 | Found a runed translucent door.
 28181 | Spider:2 | Noticed december12's ghost (adept BaAr)
 28415 | Spider:2 | Reached XP level 17. HP: 100/100 MP: 27/29
 28505 | Spider:2 | You fall into a shaft and drop 1 floor!
 28706 | Spider:3 | Acquired the Collected Works on Glacial Bad Luck
 28746 | Spider:3 | Reached skill level 10 in Fighting
 30282 | Spider:4 | Entered Level 4 of the Spider Nest
 30860 | Spider:4 | Noticed Arachne
 30865 | Spider:4 | Banished Arachne
 31727 | Spider:4 | Reached skill level 10 in Conjurations
 31727 | Spider:4 | Reached skill level 10 in Translocations
 31830 | Spider:4 | Identified the +2 buckler of Egalitarianism {Dex+3 Slay+2}
 31886 | Spider:4 | Reached skill level 5 in Spellcasting
 32016 | Spider:4 | Got a gossamer rune of Zot
 32788 | Spider:1 | Killed Roxanne
 32814 | Spider:1 | Upgraded the game from 0.32-a0-391-gce5c0aa to
                  | 0.32-a0-401-g0bcb2a7
 32880 | Shoals:1 | Entered Level 1 of the Shoals
 32880 | Shoals:1 | Noticed Louise
 32880 | Shoals:1 | Found Kilukedd's Jewellery Boutique.
 32882 | Shoals:1 | Banished Louise
 32896 | Shoals:1 | Bought the amulet of Vitality {RegenMP++ Regen++} for 1900
                  | gold pieces
 32896 | Shoals:1 | Found the amulet of Vitality {RegenMP++ Regen++}
 33091 | Shoals:1 | Reached XP level 18. HP: 112/112 MP: 31/31
 33138 | Shoals:1 | Reached skill level 15 in Invocations
 33288 | Shoals:1 | You fall into a shaft and drop 1 floor!
 33305 | Shoals:2 | Noticed Polyphemus
 33329 | Abyss:1  | Found a corrupted altar of Lugonu.
 33358 | Abyss:1  | Found a transporter.
 33358 | Abyss:1  | Found a corrupted altar of Lugonu.
 33359 | Abyss:1  | Noticed a tentacled monstrosity
 33360 | Shoals:2 | Escaped the Abyss
 33784 | Shoals:2 | Corrupted Shoals:2
 33784 | Shoals:2 | Noticed a profane servitor
 33788 | Shoals:2 | Noticed a bone dragon
 34093 | Shoals:2 | Killed Polyphemus
 34293 | Shoals:2 | Found George's Dragon-Slaying Spoils.
 34843 | Shoals:3 | Learned a level 3 spell: Mephitic Cloud
 34851 | Shoals:3 | Learned a level 3 spell: Swiftness
 35433 | Shoals:3 | Identified the +1 morningstar "Veschol" {drain, rPois
                  | Int+3}
 35820 | Shoals:3 | Reached skill level 10 in Armour
 35831 | Shoals:4 | Entered Level 4 of the Shoals
 36264 | Shoals:4 | Identified the +8 orcbow "X" {freeze, Int+3}
 36325 | Shoals:4 | Found Makhlid's Vocational Training.
 36538 | Abyss:2  | Cast into level 2 of the Abyss (merfolk impaler)
 36540 | Abyss:2  | Found a hide-covered altar of Uskayaw.
 36662 | Abyss:2  | Killed Louise
 36758 | Abyss:2  | Killed Donald
 36853 | Abyss:2  | Found a corrupted altar of Lugonu.
 36870 | Abyss:2  | Found a corrupted altar of Lugonu.
 36872 | Abyss:2  | Found a corrupted altar of Lugonu.
 36872 | Abyss:2  | Found a corrupted altar of Lugonu.
 36899 | Abyss:2  | Found a corrupted altar of Lugonu.
 37057 | Abyss:2  | Noticed a lich
 37102 | Abyss:2  | Killed a lich
 37107 | Shoals:4 | Escaped the Abyss
 37211 | Shoals:4 | Got a barnacled rune of Zot
 37278 | Shoals:4 | Noticed Ilsuiw
 37338 | Shoals:4 | Killed Ilsuiw
 37837 | Elf:1    | Entered Level 1 of the Elven Halls
 38117 | Elf:1    | Reached XP level 19. HP: 116/116 MP: 33/33
 38140 | Elf:1    | Found the brooch of Shielding {Spirit SH+8}
 38141 | Elf:1    | Found a transporter.
 38144 | Elf:1    | Found a transporter.
 38151 | Elf:1    | Found a one-way gate to the infinite horrors of the Abyss.
 38151 | Elf:1    | Noticed Fuoshriv's ghost (adept DjBe)
 38192 | Elf:1    | Noticed a hellephant
 38270 | Elf:1    | Paralysed by an air elemental for 1 turns
 38421 | Elf:1    | Identified the +1 robe of Pupt {+Blink rElec Archmagi}
 39204 | Elf:2    | Reached skill level 1 in Air Magic
 39306 | Elf:2    | Identified the +8 long sword of the Freezing Shark {elec,
                  | Str+3}
 39397 | Elf:2    | Found a runed translucent gate.
 39398 | Elf:2    | Found a runed translucent gate.
 39398 | Elf:2    | Found a runed translucent gate.
 39413 | Elf:2    | Reached skill level 5 in Air Magic
 39576 | Elf:2    | Identified the +3 giant club of the Burning God {flame,
                  | rPois rF- Str+3 Dex+5}
 39681 | Elf:2    | Noticed Norris
 39715 | Elf:3    | Entered Level 3 of the Elven Halls
 40063 | Elf:3    | Found Umoeg's Book Shoppe.
 40108 | Elf:3    | Found a bloodstained altar of Trog.
 40108 | Elf:3    | Found a transporter.
 40108 | Elf:3    | Noticed Digawn's ghost (journeyman FeEE)
 40274 | Elf:3    | Found a transporter.
 40565 | Elf:3    | Noticed Nikola
 40572 | Elf:3    | Banished Nikola
 40573 | Elf:3    | Reached skill level 10 in Evocations
 40799 | Elf:3    | Identified the +1 halberd "Qatetsaf" {heavy, ^Drain rN+++
                  | Int+2 Stlth+}
 40799 | Elf:3    | Identified the ring "Ydezes" {Ice Int+2}
 40908 | Elf:3    | Noticed Saint Roka
 40956 | Elf:3    | Killed Saint Roka
 41115 | Elf:3    | Identified the ring "Tossurutt" {rElec AC+4}
 41194 | Elf:3    | Identified the ring "Zoaliaf" {rF+++ rN+ rCorr Dex+3
                  | Stlth-}
 41489 | Elf:3    | Identified the +1 long sword of the Howling Dove {heavy,
                  | Str+3}
 41674 | Elf:3    | Identified the +10 dagger "Dragon's Death Toll" {protect,
                  | rElec rCorr Str+2}
 42368 | Vaults:1 | Entered Level 1 of the Vaults
 42467 | Vaults:1 | Reached skill level 15 in Dodging
 42578 | Vaults:1 | Found Yddofet's Weapon Emporium.
 42692 | Vaults:1 | Reached XP level 20. HP: 105/122 MP: 34/34
 43481 | Vaults:1 | Found a roughly hewn altar of Beogh.
 43653 | Vaults:2 | Found a staircase to the Crypt.
 43653 | Vaults:2 | Found a basalt altar of Yredelemnul.
 43715 | Vaults:2 | Found an ancient bone altar of Kikubaaqudgha.
 44315 | Vaults:2 | Learned a level 4 spell: Ignite Poison
 44372 | Vaults:2 | Identified the +1 broad axe of Hekimi {flame, rC+}
 44620 | Vaults:2 | Noticed Bai Suzhen
 44642 | Vaults:2 | Killed Bai Suzhen
 44643 | Vaults:2 | Reached skill level 1 in Fire Magic
 45232 | Vaults:3 | Noticed Xtahua
 45273 | Vaults:3 | Killed Xtahua
 45349 | Vaults:3 | Found Duboehir's Magic Scroll Shop.
 45357 | Vaults:3 | Bought a scroll of acquirement for 832 gold pieces
 45357 | Vaults:3 | Acquired 899 gold pieces
 45386 | Vaults:3 | Bought a scroll of enchant weapon for 120 gold pieces
 45386 | Vaults:3 | Bought a scroll of enchant armour for 120 gold pieces
 45386 | Vaults:3 | Bought a scroll of teleportation for 48 gold pieces
 45406 | Vaults:3 | Identified the orb of the Building Gods {*channel, rPois
                  | rC+ Earth}
 45406 | Vaults:3 | Noticed Frederick
 45460 | Vaults:3 | Reached skill level 5 in Fire Magic
 46268 | Vaults:4 | Paralysed by a formless jellyfish for 1 turns
 46286 | Vaults:4 | Found Hich's Weapon Emporium.
 46293 | Vaults:4 | Bought 4 curare-tipped darts for 105 gold pieces
 46362 | Vaults:4 | Reached skill level 1 in Throwing
 46498 | Vaults:4 | Reached XP level 21. HP: 129/129 MP: 35/35
 47024 | Vaults:4 | Found Selysin's Antique Weapon Emporium.
 47401 | Crypt:1  | Entered Level 1 of the Crypt
 47587 | Crypt:1  | Learned a level 5 spell: Irradiate
 48042 | Crypt:1  | Acquired the +3 crown of Dyrovepreva {rElec Int+2 SInv}
 48042 | Crypt:1  | Found the +3 crown of Dyrovepreva {rElec Int+2 SInv}
 48477 | Crypt:2  | Noticed a royal mummy
 48478 | Crypt:2  | Noticed a royal mummy
 48488 | Crypt:2  | Noticed Khufu
 48496 | Crypt:1  | Killed a royal mummy
 48752 | Crypt:2  | Noticed a royal mummy
 48763 | Crypt:1  | Killed Khufu
 48837 | Crypt:1  | Killed a royal mummy
 48869 | Crypt:1  | Killed a royal mummy
 48981 | Crypt:2  | Found a transporter.
 49454 | Crypt:2  | Found a transporter.
 49509 | Crypt:3  | Entered Level 3 of the Crypt
 49556 | Abyss:2  | Gained mutation: You occasionally lose the ability to drink
                  | potions when taking damage. [mutagenic glow]
 49612 | Crypt:3  | Escaped the Abyss
 49812 | Crypt:2  | Lost mutation: You occasionally lose the ability to drink
                  | potions when taking damage. [potion of mutation]
 49812 | Crypt:2  | Gained mutation: Armour fits poorly on your strangely
                  | shaped body. [potion of mutation]
 49812 | Crypt:2  | Gained mutation: Your flesh is cold resistant. (rC+)
                  | [potion of mutation]
 49812 | Crypt:2  | Gained mutation: Your body sometimes deteriorates upon
                  | taking damage. [potion of mutation]
 49813 | Crypt:2  | Lost mutation: Armour fits poorly on your strangely shaped
                  | body. [potion of mutation]
 49813 | Crypt:2  | Lost mutation: Your flesh is cold resistant. (rC+) [potion
                  | of mutation]
 49813 | Crypt:2  | Gained mutation: You have large cloven feet. [potion of
                  | mutation]
 49813 | Crypt:2  | Gained mutation: Your health recovers twice as slowly from
                  | being drained. [potion of mutation]
 49813 | Crypt:2  | Gained mutation: You are agile. (Dex +4, Str/Int -1)
                  | [potion of mutation]
 50585 | Crypt:3  | Reached XP level 22. HP: 137/137 MP: 36/36
 51154 | Crypt:3  | Found a staircase to the Tomb.
 51266 | Crypt:3  | Identified the +9 orcbow of Magnificence {drain, Dex+5}
 51266 | Crypt:3  | Identified the ring "Ferphiafa" {EV+5 Str+4 Int+4}
 51389 | Crypt:3  | Found a basalt altar of Yredelemnul.
 51389 | Crypt:3  | Noticed a curse toe
 51484 | Crypt:3  | Noticed a curse toe
 51498 | Crypt:3  | Killed a curse toe
 51545 | Crypt:3  | Killed a curse toe
 51555 | Crypt:3  | Found an ancient bone altar of Kikubaaqudgha.
 51576 | Crypt:3  | Got Ynythecexu's Volume of Wicked Reagents
 51611 | Crypt:3  | Got Rareiwei's Discourse on Black Secrets
 52082 | Elf:3    | Bought a manual of Alchemy for 1360 gold pieces
 52089 | Elf:3    | Learned a level 6 spell: Eringya's Noxious Bog
 52380 | Depths:1 | Entered Level 1 of the Depths
 52380 | Depths:1 | Found Awon's Antique Weapon Shop.
 52380 | Depths:1 | Found Xes Hel's Weapon Shop.
 52381 | Depths:1 | Found a one-way gate leading to the halls of Pandemonium.
 52383 | Depths:1 | Found Gereuhus's Magic Scroll Shop.
 52383 | Depths:1 | Found Welun's Jewellery Shop.
 52416 | Depths:1 | Bought a scroll of enchant weapon for 105 gold pieces
 52527 | Depths:1 | Found a gateway to Hell.
 52581 | Depths:1 | Noticed Ynau's ghost (veteran MiCA)
 52583 | Depths:1 | Found a runed translucent gate.
 52583 | Depths:1 | Found a runed translucent gate.
 52757 | Depths:1 | Found a runed translucent gate.
 53040 | Depths:1 | Found a glowing silver altar of Zin.
 53117 | Depths:1 | Identified the ring of the Okapi {rF+ rC- Will+++ Str+6
                  | Dex+2}
 53352 | Depths:2 | Found a magical portal.
 53365 | WizLab   | Entered Cigotuvi's Fleshworks
 53540 | WizLab   | Got Cigotuvi's Dissertation on the Horrid Snake
 53541 | WizLab   | Identified the maw talisman of the Wilderness {rElec Will+
                  | rCorr}
 53542 | WizLab   | Identified the maw talisman "Babbokh" {Dex+3}
 53841 | WizLab   | Found the +4 Cigotuvi's embrace {Corpsefed rMiasma ^Drain
                  | rN+}
 53891 | WizLab   | Reached skill level 15 in Alchemy
 55105 | Depths:3 | Reached skill level 10 in Spellcasting
 55203 | Depths:3 | Paralysed by an air elemental for 1 turns
 55241 | Depths:3 | Reached XP level 23. HP: 91/142 MP: 39/39
 55352 | Depths:3 | Learned a level 4 spell: Dimensional Bullseye
 55352 | Depths:3 | Identified the +9 halberd of Seoqam {venom, +Blink Will++}
 55386 | Depths:3 | Reached skill level 1 in Hexes
 55405 | Depths:3 | Identified the +2 robe "Goafi" {rN+ Int+5}
 55405 | Depths:3 | Identified the ring of the Princeling {rElec rN+++ EV+5
                  | Int+3 Stlth-}
 55405 | Depths:3 | Noticed Boris
 55417 | Depths:3 | Killed Boris
 55490 | Depths:3 | Identified the +2 dagger of Excruciating Pain {venom, *Slow
                  | Dex+6}
 55537 | Depths:3 | Reached skill level 5 in Hexes
 55560 | Depths:3 | Found a one-way gateway to a ziggurat.
 55573 | Depths:3 | Found the +8 longbow "Zephyr" {speed, Dex+3 SInv}
 55635 | Depths:3 | Identified the ring "Taics" {Fly rF+ EV+5}
 55727 | Depths:3 | Identified the +3 orcbow of Sitoicve {flame, Will+ MP-9
                  | Str+2 Int+3 Dex+2}
 56024 | Depths:4 | Entered Level 4 of the Depths
 56033 | Depths:4 | Noticed a caustic shrike
 56035 | Depths:4 | Noticed a caustic shrike
 56035 | Depths:4 | Noticed a caustic shrike
 56037 | Depths:4 | Noticed a caustic shrike
 56038 | Depths:4 | Noticed a caustic shrike
 56069 | Depths:3 | Killed a caustic shrike
 56236 | Depths:4 | Killed a caustic shrike
 56284 | Depths:4 | Reached skill level 10 in Hexes
 56304 | Depths:4 | Killed a caustic shrike
 56408 | Depths:4 | Noticed Ices's ghost (adept TrGl)
 56420 | Depths:4 | Found a runed translucent door.
 56473 | Depths:4 | Killed a caustic shrike
 56606 | Depths:4 | Killed a caustic shrike
 56623 | Depths:4 | Identified the +4 sling of Gallantry {drain, Str+5 Stlth+}
 56685 | Depths:4 | Found a gate to the Realm of Zot.
 56881 | Depths:4 | Identified the +3 flail "Cuum" {freeze, rElec Dex+3 Stlth+}
 56965 | Depths:4 | Found a shadowy altar of Dithmenos.
 57306 | Depths:4 | Killed Ices's ghost
 57666 | Slime:1  | Entered Level 1 of the Pits of Slime
 57743 | Slime:4  | Gained mutation: You are frail. (-10% HP) [a shining eye]
 57754 | Slime:5  | Entered Level 5 of the Pits of Slime
 57794 | Slime:5  | Reached skill level 15 in Armour
 57984 | Slime:5  | Lost mutation: You are agile. (Dex +4, Str/Int -1) [a
                  | shining eye]
 58141 | Slime:5  | Reached skill level 15 in Fighting
 58141 | Slime:5  | Reached XP level 24. HP: 135/135 MP: 33/39
 58205 | Slime:5  | Noticed the Royal Jelly
 58240 | Slime:5  | Killed the Royal Jelly
 58297 | Slime:5  | Identified the ring "Pubof" {rPois Int+5}
 58347 | Slime:5  | Got the Incunable of the Escort
 58349 | Slime:5  | Got a starry gem with 36 turns to spare
 58351 | Slime:5  | Got a slimy rune of Zot
 58352 | Slime:5  | Identified the +0 leather armour of the Pits of Slime
                  | {Dex+8}
 58363 | Slime:5  | Identified the +1 robe of Qisaco {Rampage}
 58380 | Slime:5  | Identified the +4 broad axe "Pelaas" {drain, ^Fragile rElec
                  | Dex+4}
 58384 | Slime:5  | Lost the starry gem through the power of Zot.
 58503 | Lair:4   | Lost mutation: Your body sometimes deteriorates upon taking
                  | damage. [potion of mutation]
 58503 | Lair:4   | Lost mutation: You are frail. (-10% HP) [potion of
                  | mutation]
 58503 | Lair:4   | Gained mutation: You occasionally shout uncontrollably at
                  | your foes. [potion of mutation]
 58503 | Lair:4   | Gained mutation: You occasionally lose the ability to drink
                  | potions when taking damage. [potion of mutation]
 58504 | Lair:4   | Lost mutation: Your health recovers twice as slowly from
                  | being drained. [potion of mutation]
 58504 | Lair:4   | Lost mutation: You occasionally shout uncontrollably at
                  | your foes. [potion of mutation]
 58504 | Lair:4   | Lost mutation: You occasionally lose the ability to drink
                  | potions when taking damage. [potion of mutation]
 58504 | Lair:4   | Gained mutation: You are agile. (Dex +4, Str/Int -1)
                  | [potion of mutation]
 58504 | Lair:4   | Gained mutation: Your flesh is cold resistant. (rC+)
                  | [potion of mutation]
 58854 | Vaults:5 | Entered Level 5 of the Vaults
 58875 | Vaults:5 | Reached skill level 15 in Stealth
 58912 | Vaults:5 | Identified the +3 robe of Zifech {rCorr}
 58912 | Vaults:5 | Noticed Boris
 58950 | Vaults:5 | Killed Boris
 58972 | Vaults:5 | Identified the amulet "Veihopur" {rC- rN+ Regen+ Str+7}
 58983 | Vaults:5 | Identified the ring "Jongug" {rF+ rN+ AC+4 Str+3}
 58998 | Vaults:5 | Noticed a dread lich
 59010 | Vaults:5 | Killed a dread lich
 59253 | Vaults:5 | Gained mutation: Armour fits poorly on your strangely
                  | shaped body. [a shining eye]
 60197 | Vaults:5 | Found the +3 warlock's mirror {omnireflect}
 60272 | Vaults:5 | Got a silver rune of Zot
 60834 | Shoals:4 | Bought a manual of Invocations for 960 gold pieces
 60834 | Shoals:4 | Bought a manual of Evocations for 960 gold pieces
 61077 | Orc:1    | Bought a potion of heal wounds for 85 gold pieces
 61077 | Orc:1    | Bought 2 potions of curing for 102 gold pieces
 61261 | Depths:1 | Bought a scroll of vulnerability for 56 gold pieces
 61261 | Depths:1 | Bought a scroll of silence for 133 gold pieces
 61261 | Depths:1 | Bought a scroll of teleportation for 42 gold pieces
 61261 | Depths:1 | Bought a scroll of teleportation for 42 gold pieces
 61330 | Depths:1 | Voluntarily entered the Abyss.
 61536 | Abyss:3  | Found a corrupted altar of Lugonu.
 61559 | Abyss:3  | Found a glowing golden altar of the Shining One.
 61606 | Abyss:3  | Found a glowing golden altar of the Shining One.
 61608 | Abyss:3  | Noticed a juggernaut
 61619 | Abyss:3  | Killed a juggernaut
 61624 | Abyss:3  | Got an abyssal rune of Zot
 61641 | Abyss:3  | Found a corrupted altar of Lugonu.
 61694 | Depths:1 | Escaped the Abyss
 61696 | Depths:1 | Lost mutation: You have large cloven feet. [potion of
                  | mutation]
 61696 | Depths:1 | Lost mutation: Armour fits poorly on your strangely shaped
                  | body. [potion of mutation]
 61696 | Depths:1 | Gained mutation: You have hidden genetic potential. [potion
                  | of mutation]
 61696 | Depths:1 | Gained mutation: Your body sometimes deteriorates upon
                  | taking damage. [potion of mutation]
 61696 | Depths:1 | Gained mutation: You have sharp toenails. [potion of
                  | mutation]
 61864 | Zig:1    | Entered Level 1 of a ziggurat
 61880 | Zig:2    | Entered Level 2 of a ziggurat
 61924 | Zig:2    | Got the Anthology of the Rough Crucible
 61927 | Zig:3    | Entered Level 3 of a ziggurat
 61986 | Zig:4    | Entered Level 4 of a ziggurat
 62001 | Zig:4    | Reached XP level 25. HP: 128/157 MP: 34/40
 62022 | Zig:4    | Identified the +0 whip "Cofezes" {freeze, rC+ rN+}
 62033 | Zig:4    | Reached XP level 26. HP: 163/163 MP: 40/40
 62041 | Zig:5    | Entered Level 5 of a ziggurat
 62166 | Zig:5    | Identified the staff of Discord {rPois rF+ Str-2 Necro Tloc
                  | Fire Air}
 62170 | Zig:5    | Got the Discourse on Peregrination and Spellbinding
 62172 | Zig:5    | Got Koattuh's Vellum of the Bewitching Sun
 62173 | Zig:5    | Identified the +6 triple sword of the Puffin {freeze,
                  | ^Fragile Int+8 SInv}
 62265 | Zot:1    | Entered Level 1 of the Realm of Zot
 62266 | Zot:1    | Corrupted Zot:1
 62632 | Zot:1    | Found a transporter.
 62636 | Zot:1    | Found a transporter.
 62780 | Zot:1    | Found a transporter.
 62781 | Zot:1    | Found a transporter.
 62863 | Zot:1    | Found a transporter.
 62875 | Zot:1    | Found a shimmering altar of Xom.
 62875 | Zot:1    | Found a shimmering altar of Xom.
 62876 | Zot:1    | Found a shimmering altar of Xom.
 62876 | Zot:1    | Found a shimmering altar of Xom.
 62880 | Zot:1    | Found a shimmering altar of Xom.
 62902 | Zot:1    | Found a glowing silver altar of Zin.
 62947 | Zot:1    | Found a transporter.
 63083 | Zot:2    | Noticed an ancient lich
 63084 | Zot:2    | Corrupted Zot:2
 63088 | Zot:2    | Noticed Grunn
 63093 | Zot:2    | Killed an ancient lich
 63125 | Zot:2    | Killed Grunn
 63364 | Zot:2    | Noticed Vv
 63366 | Zot:2    | Banished Vv
 64445 | Zot:3    | Reached skill level 15 in Evocations
 64740 | Zot:4    | Noticed an orb of fire
 64742 | Zot:4    | Gained mutation: You are weak. (Str -2) [an orb of fire]
 64757 | Zot:4    | Killed an orb of fire
 65702 | Zot:4    | Gained mutation: You are very agile. (Dex +8, Str/Int -2)
                  | [hidden potential]
 65753 | Zot:4    | Got the Tome of the Tomb and Melanosis
 65773 | Zot:4    | Identified the +8 chain mail "Natess" {Int+6}
 66098 | Zot:5    | Entered Level 5 of the Realm of Zot
 66242 | Zot:5    | Identified the +6 rapier "Kuoc Gefo" {holy, +Blink}
 66267 | Zot:5    | Found a runed translucent gate.
 66268 | Zot:5    | Found a runed translucent gate.
 66269 | Zot:5    | Found a runed translucent gate.
 66269 | Zot:5    | Noticed an ancient lich
 66304 | Zot:5    | Noticed arrowsters's ghost (legendary OnMo)
 66585 | Zot:5    | Reached XP level 27. HP: 144/169 MP: 41/41
 66811 | Zot:5    | Noticed an orb of fire
 66812 | Zot:5    | Corrupted Zot:5
 66829 | Zot:5    | Noticed an ancient lich
 66839 | Zot:5    | Killed an orb of fire
 66999 | Zot:5    | Noticed a dread lich
 67008 | Zot:5    | Killed a dread lich
 67205 | Zot:5    | Noticed an orb of fire
 67237 | Zot:5    | Killed an orb of fire
 67307 | Zot:5    | Noticed an orb of fire
 67319 | Zot:5    | Killed an orb of fire
 67329 | Zot:5    | Noticed an orb of fire
 67350 | Zot:5    | Gained mutation: Your spells are a little easier to cast,
                  | but a little less powerful. [an orb of fire]
 67360 | Zot:5    | Gained mutation: You occasionally shout uncontrollably at
                  | your foes. [an orb of fire]
 67361 | Zot:5    | Gained mutation: Your health recovers twice as slowly from
                  | being drained. [an orb of fire]
 67365 | Zot:5    | Killed an orb of fire
 67420 | Zot:5    | Got the Orb of Zot
 67422 | Zot:5    | Noticed an orb of fire
 67422 | Zot:5    | Noticed an orb of fire
 67428 | Zot:5    | Noticed a dread lich
 67473 | Zot:4    | Noticed Obudum the pandemonium lord
 67473 | Zot:4    | Corrupted Zot:4
 67491 | Zot:4    | Killed Obudum the pandemonium lord
 67850 | D:14     | Noticed Noig Icku the pandemonium lord
 68152 | D:1      | Escaped the Abyss
 68205 | D:1      | Escaped the Abyss
 68239 | D:$      | Escaped with the Orb!

Illustrated notes

Levels and vault maps discovered:
D:1:      minmay_arrival_shattered_statue, layout_basic,
          shapermc_ecumenical_altar_acropolis, minmay_crystal_room
D:2:      layout_basic, uniq_sigmund
D:3:      layout_loops_ring, general_overflow_altar,
          ashenzari_conservatory_becter, mainiacjoe_overflow_cross_hatched,
          roderic_lattice_a, minmay_misc_feat_nine_boxes, minmay_box_of_dots
D:4:      layout_basic, mainiacjoe_overflow_small_starburst,
          minmay_temple_entry_tees, nicolae_ossuary_entry_catacombs,
          serial_shops, nicolae_shop_rolling_square, nrook_campfire,
          st_stairs_5, nicolae_titane, uniq_grinder
D:5:      layout_basic, amethyst_overflow_temple_binary,
          minmay_stone_trees_small, kennysheep_generic_room_14
D:6:      minmay_razor_zed, layout_gridville, gammafunk_ghost_stat_death,
          minmay_misc_feat_roman, minmay_misc_feat_tower, uniq_menkaure
D:7:      layout_rooms, minmay_statues_item, blue_anna_alchemist,
          nicolae_concentric_dashed_squares_mild
D:8:      minmay_angry_zag, layout_rooms, mainiacjoe_overflow_paths,
          david_lair_generic, grunt_ministairs_2, corner_web_ring, uniq_amaemon,
          uniq_maggie
D:9:      cheibrodos_histonic, layout_rooms, mainiacjoe_overflow_catch_the_wave,
          minmay_shop_enchanted_jewellery
D:10:     layout_irregular_city, orc_0_dummy, enter_bailey_2, kennysheep_nub,
          uniq_josephine
D:11:     layout_roguey, fiery_altar_vehumet
D:12:     layout_small_grid, nicolae_houndstooth_variations, uniq_azrael
D:13:     layout_irregular_city, feat_on_display
D:14:     layout_stronghold, david_vaults_2, nicolae_lava_and_water
D:15:     grunt_enter_depths_magical_seal, layout_cave_pods,
          dreamdust_looks_like_rain, uniq_jorgrun
Lair:1:   wander_river, layout_long_grid, infiniplex_staircase_pool_2,
          grunt_megastairs_5, uniq_fannar, uniq_jeremiah
Lair:2:   lemuel_ratsnest, layout_layer_cave,
          minmay_shoals_entry_lonely_mermaid, nicolae_spider_entry_non_spiders,
          grunt_megastairs_2, serial_bayou_shore_a, serial_bayou_shore_b
Lair:3:   layout_misc_corridors, gammafunk_ghost_grave, beast_lair_carwin_4
Lair:4:   layout_misc_corridors, slime_entry_1, disabler_island
Lair:5:   minmay_lair_end_frog_pond, layout_regular_city, nzn_sisyphean_effort,
          grunt_megastairs_3
Shoals:1: layout_shoals, serial_shops, shop, uniq_louise
Shoals:2: layout_shoals, nicolae_shop_dragon_depot, uniq_polyphemus
Shoals:3: layout_shoals, nicolae_shoals_former_cling_ruins
Shoals:4: shoals_end_grunt_ice, layout_shoals, shoals_ilsuiw_ice,
          nicolae_shop_vocational
Spider:1: layout_spider_delve, portal_ice_cave_entry_ice_simulacra, uniq_roxanne
Spider:2: layout_spider_delve, ebering_ghost_inner_flame
Spider:3: layout_cave_pods, hangedman_spider_tarantella_strand
Spider:4: johnstein_spider_rune_arachne_lair
Slime:1:  layout_caves
Slime:2:  cheibrodos_slime_lost_civilization_9, layout_caves,
          nicolae_slime_getting_an_eyeful
Slime:3:  nicolae_slime_jelly_donut, layout_caves
Slime:4:  layout_caves, nicolae_slime_crime_time
Slime:5:  slime_pit_nicolae_royal_road_to_ruin
Orc:1:    lemuel_ogre_cave, layout_caves, serial_shops,
          nicolae_shop_pleasant_corner_grove, nicolae_shop_hallway_plus,
          nicolae_orc_lava_tube
Orc:2:    st_orc_congregation, layout_caves, nicolae_volcano_entry_lava_flow,
          blackcustard_mines_bat_river, uniq_maurice, uniq_donald
Elf:1:    elf_arrival_001, layout_loops_corners, gammafunk_ghost_abyssal_escape,
          kennysheep_underground_church
Elf:2:    nicolae_elf_blades_crystal_corner, layout_loops_ring,
          nicolae_elf_glass_and_crystal_pillar_1, uniq_norris
Elf:3:    minmay_elf_hall_dome, layout_geoelf_diagonals,
          gammafunk_ghost_wrathful_warriors, serial_shops, shop,
          uniq_saint_roka, uniq_nikola
Vaults:1: nicolae_vaults_taking_the_gang_shopping,
          nicolae_vaults_oval_intersection, vaults_room_ringed_pool,
          vaults_standard_mumra_lines, nicolae_vaults_closet_pinwheel_3,
          ontoclasm_vaults_fault, vaults_room_pool, hangedman_vaults_capsules,
          ontoclasm_vaults_pinch, special_room_vaults [special_room_orc],
          layout_vaults_omnicross
Vaults:2: nicolae_vaults_diamond_1, v_misc_18, nicolae_vaults_storage_closets_2,
          hangedman_vaults_restitches, vaults_mumra_chevron,
          nicolae_vaults_specimen_jars, hangedman_vaults_corner,
          nicolae_vaults_little_guard_posts, v_misc_22,
          minmay_crypt_entry_necro_gods, nicolae_vaults_what_the_h,
          layout_vaults_omnigrid, uniq_bai_suzhen
Vaults:3: nicolae_vaults_more_shelving_2, nicolae_vaults_theta, v_misc_12,
          serial_library_hellmonk_open_square, nicolae_vaults_ring_of_whatevers,
          ontoclasm_vaults_ring_large, nicolae_vaults_heart-shaped_vault,
          nicolae_vaults_gold_heap, layout_vaults_big_room, serial_shops,
          nicolae_square_shop, uniq_frederick, uniq_xtahua
Vaults:4: nicolae_vaults_layer_cake_slice, hangedman_vaults_nails,
          vaults_mumra_hex, st_smaller_cells, nicolae_vaults_network_barrier,
          v_alt_pattern_2, v_misc_25, hangedman_vaults_impose,
          grunt_vaults_twisty, ontoclasm_vaults_decontamination,
          nicolae_vaults_little_squares_3, vaults_room_boxed,
          nicolae_vaults_tetromino_L_1, nicolae_vaults_house_3,
          layout_vaults_ring, serial_shops, shop,
          nicolae_shop_bloodbath_and_beyond
Vaults:5
Crypt:1:  layout_regular_city, grunt_crypt_arrival_webbed, grunt_megastairs_1
Crypt:2:  gammafunk_its_a_trap, layout_gridlike, uniq_josephina, uniq_khufu
Crypt:3:  lightli_unholy_cathedral, layout_chaotic_city,
          nicolae_tomb_entry_unfolded_pyramid_orthogonal, lemuel_nasty_fountain
Depths:1: layout_long_grid, abyss_entry_glasseish, hangedman_geh_valley,
          rand_demon_pan_entry_5, hellmonk_ghost_time_enough,
          chequers_serial_rivers_room_b, nicolae_benzene_ring,
          minmay_misc_feat_five, minmay_shop_grid_forest, minivault_15,
          zin_angel
Depths:2: cheibrodos_quadrivalence, layout_cave_pools, mu_enter_wizlab_6,
          rand_demon_pan_entry_4, kennysheep_cluttered_room, hellmouth_1,
          hex_medium, infiniplex_staircase_zigzag_2
Depths:3: radiant_caverns_a_rkd, hell_entry, pan_entry, abyss_entry, uniq_boris
Depths:4: evilmike_zot_entry_diamond, layout_cave_pools, minmay_misc_feat_chi,
          grunt_mini_vestibule, abyss_entry_crystal, hellmonk_ghost_big_iron,
          nicolae_dithmenos_shadow_blocks, serial_bayou_shore_b
Zot:1:    dreamdust_zin_vs_xom, layout_onion_interference,
          regret_index_zotdec_carving_tricks, serial_nicolae_subway,
          nicolae_sub_station_metal, nicolae_sub_station_stone,
          nicolae_sub_station_crystal
Zot:2:    ebering_klown_carousel, layout_onion, uniq_grunn, uniq_vv
Zot:3:    layout_basic
Zot:4:    regret_index_all_hallows'_manor, layout_gridlike
Zot:5:    layout_gridville, gammafunk_ghost_necromancy, grunt_ministairs_1

Skill      XL: |  1  2  3  4  5  6  7  8  9 10 11 12 13 14 15 16 17 18 19 20 21 22 23 24 25 26 27 |
---------------+----------------------------------------------------------------------------------+-----
Ranged Weapons | 6 7 8 9 10 11 13 16 18 20 | 20.0
Stealth        | 2 4 8 12 16 | 16.0
Dodging        | 3 5 7 9 10 12 14 16 18 20 24 | 24.0
Fighting       | 2 3 4 6 7 9 12 13 14 15 16 18 | 18.0
Alchemy        | 3 4 7 10 16 | 16.0
Conjurations   | 3 4 6 8 9 10 | 10.0
Invocations    | 8 10 12 13 14 16 18 20 22 23 24 | 24.0
Translocations | 6 8 9 10 | 10.0
Spellcasting   | 2 4 6 8 10 | 10.0
Armour         | 6 9 11 12 14 15 16 | 16.5
Evocations     | 8 10 11 12 16 | 16.0
Air Magic      | 8 |  8.0
Fire Magic     | 8 |  8.0
Throwing       | 2 |  2.0
Hexes          | 10 | 10.0

Action                     |  1- 3 |  4- 6 |  7- 9 | 10-12 | 13-15 | 16-18 | 19-21 | 22-24 | 25-27 || total
---------------------------+-------+-------+-------+-------+-------+-------+-------+-------+-------++-------
  Melee: Quarterstaff      |       |    52 |   155 |       |       |       |       |       |       ||   207
   Fire: Shortbow          |    87 |    83 |   121 |       |       |       |       |       |       ||   291
         Orcbow            |       |       |   113 |   816 |  1375 |  2076 |   255 |       |       ||  4635
         Longbow           |       |       |       |       |       |       |  1779 |  2370 |  1173 ||  5322
  Throw: Dart              |       |       |    10 |     2 |     1 |     6 |       |       |       ||    19
         Throwing net      |       |       |       |       |       |     3 |       |       |       ||     3
   Cast: Sting             |       |       |    38 |     7 |       |     9 |       |       |       ||    54
         Olgreb's Toxic Ra |       |       |       |       |    46 |    67 |    49 |    21 |     9 ||   192
         Iskenderun's Myst |       |       |       |       |     7 |    74 |    88 |    40 |     2 ||   211
         Blink             |       |       |       |       |     1 |     6 |     2 |     1 |     5 ||    15
         Fulminant Prism   |       |       |       |       |       |     6 |       |       |       ||     6
         Mephitic Cloud    |       |       |       |       |       |    14 |     8 |       |       ||    22
         Swiftness         |       |       |       |       |       |       |     1 |     4 |     1 ||     6
         Ignite Poison     |       |       |       |       |       |       |    15 |    14 |     4 ||    33
         Irradiate         |       |       |       |       |       |       |     4 |    20 |    26 ||    50
         Eringya's Noxious |       |       |       |       |       |       |       |     6 |     1 ||     7
         Dimensional Bulls |       |       |       |       |       |       |       |    10 |     8 ||    18
 Invoke: Banish            |       |       |       |       |     5 |    18 |     1 |       |     8 ||    32
         Enter the Abyss   |       |       |       |       |       |     1 |     1 |       |     2 ||     4
         Corrupt           |       |       |       |       |       |     1 |       |       |     4 ||     5
         Depart the Abyss  |       |       |       |       |       |     1 |       |       |     2 ||     3
  Evoke: Wand              |       |       |     1 |     2 |     2 |    16 |       |     2 |     3 ||    26
         Phial of floods   |       |       |       |       |       |     2 |     1 |       |       ||     3
         Phantom mirror    |       |       |       |       |       |     1 |       |       |       ||     1
         Lightning rod     |       |       |       |       |       |       |     1 |     4 |       ||     5
    Use: Potion            |     1 |       |       |       |     1 |    11 |     2 |    10 |    13 ||    38
         Scroll            |       |     6 |     3 |     5 |     6 |    26 |    24 |    10 |    19 ||    99
   Stab: Sleeping          |       |     1 |       |       |       |       |       |       |       ||     1
 Armour: Leather armour    |    15 |    31 |   320 |    60 |       |       |       |       |       ||   426
         Troll leather arm |       |       |       |    30 |    58 |       |       |       |       ||    88
         Swamp dragon scal |       |       |       |       |    81 |   525 |    46 |       |       ||   652
         Ring mail         |       |       |       |       |     9 |       |       |       |       ||     9
         Ice dragon scales |       |       |       |       |       |       |   495 |   514 |   332 ||  1341
  Dodge: Dodged            |    19 |    36 |   347 |   188 |   474 |  1251 |  1077 |   945 |   777 ||  5114

Table legend: (Time is in decaauts)
 A = Elapsed time spent in this place.
 B = Non-inter-level travel time spent in this place.
 C = Inter-level travel time spent in this place.
 D = Time resting spent in this place.
 E = Time spent auto-exploring this place.
 F = Levels seen in this place.
 G = Mean time per level.
                   A        B        C        D        E       F      G
               +--------+--------+--------+--------+--------+-----+--------+
         Total |  66107 |  58486 |   7621 |   6385 |  30451 |  72 |  918.2 |
       Dungeon |  18610 |  15439 |   3171 |   1718 |   7555 |  15 | 1240.7 |
          Lair |   6080 |   5048 |   1032 |     90 |   3790 |   5 | 1216.0 |
        Shoals |   4246 |   3829 |    417 |    320 |   1707 |   4 | 1061.5 |
   Spider Nest |   5963 |   5625 |    338 |   1142 |   3091 |   4 | 1490.8 |
    Slime Pits |    713 |    650 |     63 |    108 |      0 |   5 |  142.6 |
  Orcish Mines |   2158 |   1805 |    353 |     61 |   1277 |   2 | 1079.0 |
   Elven Halls |   4082 |   3631 |    451 |    750 |   1818 |   3 | 1360.7 |
        Vaults |   6617 |   6051 |    566 |    262 |   3889 |   5 | 1323.4 |
         Crypt |   4147 |   3905 |    242 |    767 |   1698 |   3 | 1382.3 |
        Depths |   4673 |   3937 |    736 |    274 |   2442 |   4 | 1168.2 |
           Zot |   4960 |   4710 |    250 |    400 |   2609 |   5 |  992.0 |
         Abyss |    957 |    957 |      0 |     28 |      0 |   7 |  136.7 |
      Ziggurat |    277 |    277 |      0 |     55 |     88 |   5 |   55.4 |
       Ossuary |      9 |      9 |      0 |      0 |      0 |   1 |    9.0 |
        Bailey |    743 |    743 |      0 |     40 |    159 |   1 |  743.0 |
      Ice Cave |   1020 |   1020 |      0 |    330 |     45 |   1 | 1020.0 |
       Volcano |    197 |    197 |      0 |     14 |      0 |   1 |  197.0 |
        Wizlab |    647 |    647 |      0 |     20 |    279 |   1 |  647.0 |
               +--------+--------+--------+--------+--------+-----+--------+

Top non-repeatable levels by time:
     D:6: 2427 daAuts
Spider:4: 2339 daAuts
  Lair:2: 2029 daAuts
   Elf:3: 2015 daAuts
 Crypt:3: 1904 daAuts
Depths:3: 1578 daAuts
   Elf:1: 1532 daAuts
Vaults:2: 1498 daAuts
    D:10: 1483 daAuts
Vaults:4: 1390 daAuts
Vaults:5: 1383 daAuts
 Crypt:1: 1374 daAuts
     D:8: 1374 daAuts
   Zot:4: 1333 daAuts
     D:7: 1327 daAuts
